AoeStats
← Chaac1706

Arabian Desert

510424957Analyzed
1v1 RM · 2d ago on Oct 1, 2026· 25m 51s· 2 players
Game mode
Random Map
Map size
Tiny (2 player)
Population
200
Speed
Normal
Resources
Standard
Victory
Conquest
Starting age
Dark Age
Ending age
Imperial Age
RankedLock teamsTeams togetherTeam positionsShared explorationLock speedFull tech treeHidden civsTurbo modeCheats
Victory
Defeat
🇦🇷 Magyars · Argentina
1094
+18
🇨🇴 Muisca · Colombia
1127
-18
CORP_Flema89
5:18 Loom
9:39 Feudal Age
10:31 Double-Bit Axe
20:52 Castle Age
19:42 Bloodlines
19:45 Scale Barding Armor
19:47 Horse Collar
Chaac1706
3:12 Loom
9:55 Feudal Age
16:23 Wheelbarrow
15:30 Horse Collar
15:36 Double-Bit Axe
16:15 Horse Collar
16:56 Scale Mail Armor
22:11 Castle Age
22:12 Gold Mining
22:30 Fletching
22:40 Padded Archer Armor
23:05 Bow Saw
Connection lost

Rejoining the realm…

Still unreachable

The connection could not be restored.

Session expired

The server has moved on; the page needs a fresh start.